[ AOE2 MATCH · #505549589 ]
UnrankedVietnamese vs Huns
[ REPLAY ANALYSIS · EXTRACTED FROM THE RECORDED GAME ]
Feudal
12:32
Castle
22:32
Imperial
—
| APM avg | 43.4 |
| APM peak | 69 |
| eAPM avg | 21.5 |
| Villagers / military | 69 / 39 |
Focus
⚔️ 24.6% · 🌾 75.4%
Cavalry Archer ×13 · Archer ×7 · Fire Lancer ×5 · Knight ×4 · Militia ×4 · Spearman ×3
Feudal
12:07
Castle
16:31
Imperial
—
| APM avg | 46.4 |
| APM peak | 107 |
| eAPM avg | 19.5 |
| Villagers / military | 90 / 19 |
Focus
⚔️ 39.5% · 🌾 60.5%
Scorpion ×12 · Tarkan ×6 · Mangonel ×1
Match map
Initial resources + every placement click. Lines = walls · curves = elevation contours. ◆ gold · ⬟ stone · ● berries · ✦ relic · ◌ wall gap
Your base· Open — unwalled flank
小林's base· Open — unwalled flank
Smoothed initial terrain · ◌ = detected wall gap · hover for details
Inputs per minute
— PlvsVltra l Belisario - - 小林
Build order — PlvsVltra l Belisario
First 150 of 206 actions detected
| 0:01 | Queue | Villager (Male) |
| 0:01 | Queue | Villager (Male) |
| 0:04 | Build | House |
| 0:05 | Research | Loom |
| 0:08 | Build | House |
| 0:33 | Queue | Villager (Male) |
| 0:34 | Queue | Villager (Male) |
| 0:41 | Queue | Villager (Male) |
| 0:41 | Queue | Villager (Male) |
| 1:38 | Queue | Villager (Male) |
| 1:38 | Queue | Villager (Male) |
| 2:14 | Queue | Villager (Male) |
| 2:14 | Queue | Villager (Male) |
| 2:30 | Build | Lumber Camp |
| 2:46 | Queue | Villager (Male) |
| 2:47 | Queue | Villager (Male) |
| 3:16 | Queue | Villager (Male) |
| 3:31 | Build | House |
| 3:33 | Queue | Villager (Male) |
| 3:33 | Queue | Villager (Male) |
| 3:34 | Queue | Villager (Male) |
| 4:13 | Queue | Villager (Male) |
| 4:41 | Queue | Villager (Male) |
| 4:54 | Queue | Villager (Male) |
| 4:57 | Build | Mill |
| 5:22 | Build | House |
| 5:26 | Queue | Villager (Male) |
| 5:56 | Queue | Villager (Male) |
| 5:56 | Queue | Villager (Male) |
| 6:21 | Queue | Villager (Male) |
| 6:32 | Build | Barracks |
| 6:36 | Queue | Villager (Male) |
| 7:07 | Build | House |
| 7:08 | Queue | Villager (Male) |
| 7:21 | Build | Mill |
| 7:26 | Queue | Militia |
| 7:26 | Queue | Militia |
| 7:39 | Queue | Villager (Male) |
| 7:40 | Queue | Militia |
| 8:19 | Queue | Villager (Male) |
| 8:35 | Queue | Villager (Male) |
| 8:50 | Queue | Militia |
| 9:05 | Queue | Villager (Male) |
| 9:17 | Build | Mill |
| 9:29 | Build | House |
| 10:03 | Build | Farm |
| 10:22 | Research | Feudal Age |
| 11:07 | Build | Mining Camp |
| 11:25 | Queue | Villager (Male) |
| 11:27 | Build | House |
| 11:55 | Queue | Villager (Male) |
| 12:27 | Queue | Villager (Male) |
| 12:32 | Age | Feudal Age |
| 12:37 | Research | Man-at-Arms (upgrade) |
| 12:53 | Build | Archery Range |
| 12:54 | Queue | Villager (Male) |
| 12:56 | Research | Double-Bit Axe |
| 13:30 | Queue | Villager (Male) |
| 13:32 | Research | Horse Collar |
| 13:36 | Build | Farm |
| 13:37 | Build | Farm |
| 13:37 | Build | Farm |
| 13:37 | Build | Farm |
| 13:37 | Build | Farm |
| 13:38 | Build | Farm |
| 13:44 | Build | Lumber Camp |
| 13:45 | Queue | Villager (Male) |
| 13:52 | Queue | Archer |
| 13:52 | Queue | Archer |
| 13:58 | Build | House |
| 14:51 | Queue | Villager (Male) |
| 14:52 | Build | Farm |
| 14:53 | Queue | Villager (Male) |
| 14:56 | Build | Blacksmith |
| 15:04 | Queue | Archer |
| 15:16 | Build | Outpost |
| 15:18 | Queue | Villager (Male) |
| 15:26 | Build | Farm |
| 15:30 | Build | Farm |
| 15:30 | Queue | Villager (Male) |
| 15:33 | Queue | Archer |
| 15:35 | Build | House |
| 15:36 | Build | House |
| 15:39 | Build | Outpost |
| 15:58 | Queue | Villager (Male) |
| 16:00 | Build | Farm |
| 16:03 | Build | Farm |
| 16:05 | Build | Farm |
| 16:06 | Queue | Villager (Male) |
| 16:23 | Queue | Villager (Male) |
| 16:24 | Build | House |
| 16:25 | Build | House |
| 16:26 | Build | House |
| 16:27 | Queue | Archer |
| 16:40 | Research | Fletching |
| 17:05 | Queue | Villager (Male) |
| 17:27 | Queue | Villager (Male) |
| 17:30 | Build | House |
| 17:42 | Queue | Villager (Male) |
| 17:44 | Build | Farm |
| 17:46 | Build | Stable |
| 18:04 | Queue | Archer |
| 18:16 | Build | Market |
| 18:21 | Research | Wheelbarrow |
| 18:44 | Queue | Scout Cavalry |
| 18:44 | Queue | Archer |
| 19:27 | Queue | Villager (Male) |
| 19:30 | Build | Farm |
| 19:49 | Build | Lumber Camp |
| 19:50 | Research | Castle Age |
| 20:32 | Build | Barracks |
| 20:33 | Queue | Spearman |
| 20:35 | Research | Scale Mail Armor |
| 20:43 | Build | House |
| 21:02 | Queue | Villager (Male) |
| 21:04 | Queue | Spearman |
| 21:19 | Queue | Villager (Male) |
| 21:29 | Build | House |
| 21:43 | Queue | Spearman |
| 22:07 | Build | Archery Range |
| 22:10 | Research | Bloodlines |
| 22:25 | Research | Padded Archer Armor |
| 22:32 | Age | Castle Age |
| 22:39 | Queue | Fire Lancer |
| 22:39 | Queue | Fire Lancer |
| 22:53 | Research | Pikeman (upgrade) |
| 23:08 | Queue | Fire Lancer |
| 23:16 | Queue | Fire Lancer |
| 23:39 | Build | Town Center |
| 23:44 | Queue | Villager (Male) |
| 23:50 | Research | Bow Saw |
| 23:54 | Build | Outpost |
| 24:24 | Queue | Villager (Male) |
| 24:27 | Build | Farm |
| 24:29 | Build | Lumber Camp |
| 24:59 | Queue | Villager (Male) |
| 25:10 | Queue | Villager (Male) |
| 25:11 | Queue | Villager (Male) |
| 25:13 | Build | Monastery |
| 25:20 | Build | Mill |
| 25:21 | Build | Farm |
| 25:21 | Build | Farm |
| 25:21 | Build | Farm |
| 25:21 | Build | Farm |
| 25:22 | Build | Farm |
| 25:22 | Build | Farm |
| 25:22 | Build | Farm |
| 25:22 | Build | Farm |
| 25:24 | Queue | Villager (Male) |
| 25:36 | Queue | Cavalry Archer |
Build order — 小林
135 actions detected in the replay
| 0:02 | Queue | Villager (Male) ×4 |
| 0:02 | Queue | Villager (Male) ×4 |
| 1:15 | Queue | Villager (Male) |
| 1:15 | Queue | Villager (Male) |
| 1:53 | Queue | Villager (Male) |
| 1:53 | Queue | Villager (Male) |
| 2:09 | Build | Lumber Camp |
| 2:15 | Queue | Villager (Male) |
| 2:16 | Queue | Villager (Male) |
| 2:35 | Queue | Villager (Male) |
| 2:35 | Queue | Villager (Male) |
| 3:07 | Queue | Villager (Male) |
| 3:07 | Queue | Villager (Male) |
| 3:24 | Queue | Villager (Male) |
| 3:24 | Queue | Villager (Male) |
| 4:01 | Queue | Villager (Male) |
| 4:22 | Build | Mill |
| 4:34 | Queue | Villager (Male) |
| 4:44 | Queue | Villager (Male) |
| 4:44 | Queue | Villager (Male) |
| 5:24 | Build | Mill |
| 5:27 | Queue | Villager (Male) |
| 5:27 | Queue | Villager (Male) |
| 5:58 | Queue | Villager (Male) |
| 6:08 | Build | Mill |
| 6:32 | Queue | Villager (Male) |
| 6:32 | Queue | Villager (Male) |
| 6:39 | Queue | Villager (Male) |
| 7:09 | Queue | Villager (Male) |
| 7:09 | Queue | Villager (Male) |
| 7:15 | Queue | Villager (Male) |
| 7:15 | Queue | Villager (Male) |
| 7:16 | Queue | Villager (Male) |
| 7:16 | Queue | Villager (Male) |
| 7:32 | Queue | Villager (Male) |
| 7:32 | Queue | Villager (Male) |
| 7:49 | Queue | Villager (Male) |
| 7:50 | Queue | Villager (Male) |
| 8:09 | Queue | Villager (Male) |
| 8:09 | Queue | Villager (Male) |
| 8:15 | Build | Mining Camp |
| 8:18 | Queue | Villager (Male) |
| 9:03 | Build | Mining Camp |
| 9:12 | Research | Loom |
| 9:43 | Build | Palisade Wall |
| 9:44 | Build | Palisade Wall |
| 9:57 | Research | Feudal Age |
| 9:58 | Research | Feudal Age |
| 10:04 | Build | Palisade Wall |
| 10:05 | Build | Palisade Wall |
| 10:28 | Build | Palisade Wall |
| 10:29 | Build | Palisade Wall |
| 10:49 | Build | Palisade Wall |
| 10:50 | Build | Palisade Wall |
| 10:50 | Build | Palisade Wall |
| 12:07 | Age | Feudal Age |
| 12:16 | Build | Market |
| 12:17 | Build | Blacksmith |
| 12:20 | Queue | Villager (Male) |
| 12:20 | Queue | Villager (Male) |
| 13:51 | Research | Castle Age |
| 13:52 | Research | Castle Age |
| 14:42 | Build | Farm |
| 14:49 | Build | Farm |
| 14:52 | Build | Farm |
| 15:07 | Build | Farm |
| 15:09 | Build | Farm |
| 15:36 | Build | Farm |
| 16:31 | Age | Castle Age |
| 16:52 | Build | Siege Workshop |
| 16:55 | Queue | Villager (Male) |
| 16:56 | Queue | Villager (Male) |
| 17:07 | Queue | Villager (Male) |
| 17:14 | Queue | Scorpion |
| 17:18 | Queue | Villager (Male) |
| 17:28 | Queue | Villager (Male) |
| 17:42 | Queue | Villager (Male) |
| 17:49 | Build | Castle |
| 18:08 | Build | Castle |
| 18:12 | Queue | Villager (Male) |
| 18:12 | Queue | Villager (Male) ×2 |
| 18:46 | Build | Castle |
| 19:15 | Build | Castle |
| 19:28 | Queue | Villager (Male) |
| 19:28 | Queue | Villager (Male) ×3 |
| 19:59 | Queue | Villager (Male) |
| 19:59 | Queue | Villager (Male) |
| 20:35 | Build | Lumber Camp |
| 20:42 | Queue | Villager (Male) |
| 21:34 | Queue | Tarkan |
| 21:34 | Queue | Tarkan |
| 22:10 | Queue | Villager (Male) |
| 22:16 | Build | Town Center |
| 22:26 | Queue | Tarkan |
| 23:02 | Queue | Villager (Male) |
| 23:15 | Queue | Tarkan |
| 23:17 | Queue | Villager (Male) ×4 |
| 23:43 | Queue | Villager (Male) |
| 24:18 | Queue | Villager (Male) |
| 24:18 | Queue | Villager (Male) |
| 24:58 | Queue | Villager (Male) |
| 24:58 | Queue | Villager (Male) |
| 24:58 | Build | Farm |
| 25:18 | Queue | Scorpion |
| 25:18 | Queue | Scorpion |
| 25:27 | Queue | Villager (Male) |
| 25:27 | Queue | Villager (Male) |
| 25:50 | Queue | Villager (Male) |
| 25:50 | Queue | Villager (Male) |
| 25:59 | Queue | Scorpion |
| 25:59 | Queue | Scorpion |
| 26:13 | Queue | Villager (Male) |
| 26:34 | Queue | Scorpion |
| 26:35 | Queue | Scorpion ×2 |
| 26:43 | Queue | Villager (Male) |
| 26:57 | Queue | Villager (Male) ×2 |
| 27:00 | Build | Lumber Camp |
| 27:05 | Queue | Villager (Male) |
| 27:40 | Queue | Mangonel |
| 27:41 | Queue | Villager (Male) |
| 27:41 | Queue | Villager (Male) |
| 27:43 | Queue | Villager (Male) |
| 28:06 | Build | Lumber Camp |
| 28:12 | Queue | Villager (Male) |
| 28:43 | Queue | Villager (Male) |
| 28:59 | Queue | Scorpion |
| 29:06 | Build | Castle |
| 29:10 | Queue | Villager (Male) |
| 29:10 | Queue | Villager (Male) |
| 29:26 | Queue | Tarkan |
| 29:26 | Queue | Tarkan |
| 29:39 | Queue | Villager (Male) |
| 29:39 | Queue | Villager (Male) |
| 30:00 | Queue | Scorpion |
| 30:00 | Queue | Scorpion ×2 |
Match timeline
| 6:32 | PlvsVltra l Belisario · first_building Barracks |
| 9:43 | 小林 · wall_segment Palisade Wall x1 |
| 9:44 | 小林 · wall_segment Palisade Wall x1 |
| 10:04 | 小林 · wall_segment Palisade Wall x1 |
| 10:05 | 小林 · wall_segment Palisade Wall x1 |
| 10:28 | 小林 · wall_segment Palisade Wall x1 |
| 10:29 | 小林 · wall_segment Palisade Wall x1 |
| 10:49 | 小林 · wall_segment Palisade Wall x1 |
| 10:50 | 小林 · wall_segment Palisade Wall x1 |
| 10:50 | 小林 · wall_segment Palisade Wall x1 |
| 12:07 | 小林 · age_up feudal |
| 12:32 | PlvsVltra l Belisario · age_up feudal |
| 12:53 | PlvsVltra l Belisario · first_building Archery Range |
| 16:31 | 小林 · age_up castle |
| 16:52 | 小林 · first_building Siege Workshop |
| 17:46 | PlvsVltra l Belisario · first_building Stable |
| 17:49 | 小林 · first_building Castle |
| 18:30 | 小林 · first_market_sell 100 food |
| 19:39 | PlvsVltra l Belisario · first_market_buy 100 food |
| 19:40 | PlvsVltra l Belisario · first_market_sell 100 wood |
| 22:32 | PlvsVltra l Belisario · age_up castle |
| 25:13 | PlvsVltra l Belisario · first_building Monastery |
| 26:56 | 小林 · first_market_buy 100 food |
| 27:00 | PlvsVltra l Belisario · first_building Siege Workshop |
| 30:22 | 小林 · resign |
[ AI ANALYSIS · 1 CREDIT ]
What really happened in this match?
Wolo.gg analyzes every decision: build order, eco, micro, common mistakes by bracket. Personalized analysis on WhatsApp or Discord in 30 seconds.
Civ guide
Vietnamese
Perfil
Jugador #1142235